AoeStats
← b站江条

Arabia

507223210Analyzed
1v1 RM · 15d ago on Sep 17, 2026· 35m 21s· 2 players
Game mode
Random Map
Map size
Tiny (2 player)
Population
200
Speed
Normal
Resources
Standard
Victory
Conquest
Starting age
Dark Age
Ending age
Imperial Age
RankedLock teamsTeams togetherTeam positionsShared explorationLock speedFull tech treeHidden civsTurbo modeCheats
Victory
Defeat
🇨🇳 Maya · China
1405
+15
🇺🇸 Berbers · United States
1376
-15
shaedi
6:33 Loom
9:50 Feudal Age
10:19 Double-Bit Axe
10:28 Horse Collar
16:03 Town Watch
16:38 Fletching
17:23 Padded Archer Armor
21:22 Wheelbarrow
24:48 Castle Age
24:08 Gold Mining
26:44 Bodkin Arrow
27:04 Leather Archer Armor
28:09 Bow Saw
28:45 Bloodlines
28:36 Husbandry
29:23 Scale Barding Armor
32:53 Gold Shaft Mining
b站江条
0:26 Loom
8:52 Feudal Age
9:32 Double-Bit Axe
14:46 Fletching
18:01 Wheelbarrow
21:45 Castle Age
19:40 Gold Mining
20:25 Padded Archer Armor
20:26 Horse Collar
22:23 Crossbowman
22:59 Bodkin Arrow
23:25 Bow Saw
26:11 Leather Archer Armor
29:13 Heavy Plow
34:02 Imperial Age
33:25 Stone Mining
33:43 Thumb Ring
34:13 Thumb Ring
34:49 Bracer
34:19 Arbalester
Connection lost

Rejoining the realm…

Still unreachable

The connection could not be restored.

Session expired

The server has moved on; the page needs a fresh start.